 Dungeon Crawl Stone Soup version 0.30-a0-241-g1121274140 (webtiles) character file.

Game seed: 14067214549551843711

6391 billz999 the Fighter (level 10, -14/115 HPs)
             Began as an Ogre Air Elementalist on Oct 9, 2022.
             Was a Believer of Sif Muna.
             Demolished by a two-headed ogre
             ... wielding a +0 dire flail
              (21 damage)
             ... on level 10 of the Dungeon on Oct 10, 2022.
             The game lasted 00:38:47 (12546 turns).

billz999 the Fighter (Ogre Air Elementalist)       Turns: 12546, Time: 00:38:47

Health: -14/115    AC:  8    Str: 14    XL:     10   Next: 97%
Magic:  2/20       EV:  9    Int: 26    God:    Sif Muna [**....]
Gold:   628        SH:  0    Dex:  9    Spells: 10/23 levels left

rFire   . . .      SeeInvis .    s - +1 dagger (elec)
rCold   . . .      Faith    .    (no shield)
rNeg    . . .      Spirit   .    M - +0 steam dragon scales
rPois   .          Reflect  .    (helmet restricted)
rElec   .          Harm     .    (no cloak)
rCorr   +          Rampage  .    (gloves unavailable)
Will    +....                    (boots unavailable)
Stlth   +.........               o - amulet of regeneration
HPRegen 1.19/turn                y - +6 ring of intelligence
MPRegen 0.17/turn                x - ring of resist corrosion

@: no status effects
A: large, unfitting armour, tough skin 1, iridescent scales 1, deterioration 1
a: Renounce Religion, Channel Magic


You were on level 10 of the Dungeon.
You worshipped Sif Muna.
Sif Muna was pleased with you.
You visited 1 branch of the dungeon, and saw 10 of its levels.

You collected 628 gold pieces.

Inventory:

Hand Weapons
 j - a +0 dagger
 p - a +0 club
 s - a +1 dagger of electrocution (weapon)
 O - a +0 scimitar of flaming
Missiles
 k - 108 stones
 H - 2 throwing nets
Armour
 a - a +0 robe
 M - +0 steam dragon scales (worn)
Jewellery
 o - an amulet of regeneration (around neck)
 x - a ring of resist corrosion (right hand)
 y - a +6 ring of intelligence (left hand)
Wands
 r - a wand of digging (2)
 D - a wand of polymorph (7)
 J - a wand of charming (5)
 K - a wand of flame (7)
Scrolls
 d - 7 scrolls of identify
 e - 2 scrolls of enchant armour {unknown}
 f - 3 scrolls of silence {unknown}
 h - a scroll of summoning {unknown}
 l - 2 scrolls of blinking
 n - a scroll of noise {unknown}
 q - 8 scrolls of teleportation {unknown}
 t - a scroll of enchant weapon {unknown}
 u - a scroll of butterflies {unknown}
 z - 2 scrolls of poison {unknown}
 A - 4 scrolls of immolation {unknown}
 L - a scroll of torment {unknown}
 N - a scroll of brand weapon {unknown}
 P - a scroll of vulnerability {unknown}
Potions
 b - a potion of magic
 c - 4 potions of cancellation
 g - 2 potions of mutation
 i - a potion of degeneration {unknown}
 m - 6 potions of curing
 v - a potion of resistance {unknown}
 w - 3 potions of ambrosia {unknown}
 B - a potion of might {unknown}
 C - a potion of haste {unknown}
 E - 2 potions of invisibility
 F - 3 potions of attraction {unknown}
 G - 3 potions of heal wounds


   Skills:
 - Level 12.0 Fighting
 - Level 1.7 Dodging
 - Level 1.4 Stealth
 * Level 7.0 Spellcasting
 + Level 5.1 Conjurations
 + Level 7.5 Air Magic
 - Level 8.0 Invocations


You had 10 spell levels left.
You knew the following spells:

 Your Spells              Type           Power      Damage    Failure   Level
a - Shock                 Conj/Air       100%       1d9       1%          1
b - Static Discharge      Conj/Air       82%        2-6/arc   1%          2
c - Swiftness             Air            48%        N/A       1%          3
d - Airstrike             Air            24%        2d(4-20)  2%          4
e - Mephitic Cloud        Conj/Pois/Air  30%        N/A       3%          3

Your spell library contained the following spells:

 Spells                   Type           Power      Damage    Failure   Level
 Poisonous Vapours        Pois/Air       56%        N/A       1%          2
 Cigotuvi's Dreadful Rot  Necr/Pois/Air  44%        N/A       3%          2
 Apportation              Tloc           18%        N/A       6%          1
 Kindle Blastsparks       Fire/Tloc/Air  44%        2d13      7%          3
 Scorch                   Fire           18%        2d6       10%         2
 Frozen Ramparts          Ice            18%        1d3       19%         3
 Ignite Poison            Fire/Tmut/Pois 9%         N/A       19%         3
 Portal Projectile        Hex/Tloc       18%        N/A       19%         3
 Tukima's Dance           Hex            9%         N/A       19%         3
 Flame Wave               Conj/Fire      22%        2d8       22%         4
 Freezing Cloud           Conj/Ice/Air   15%        6-21      30%         5
 Ice Form                 Ice/Tmut       9%         N/A       52%         4
 Summon Ice Beast         Ice/Summ       9%         N/A       52%         4
 Alistair's Intoxication  Tmut/Pois      6%         N/A       86%         5
 Blade Hands              Tmut           4%         N/A       86%         5
 Summon Cactus Giant      Summ           4%         N/A       100%        6


Dungeon Overview and Level Annotations

Branches:
Dungeon (10/15)            Temple (0/1) D:6             Orc (0/2) D:9
   Lair: D:8-11

Altars:
Ashenzari
Cheibriados
Dithmenos
Elyvilon
Gozag
Kikubaaqudgha
Makhleb
Nemelex Xobeh
Okawaru
Sif Muna
Uskayaw
Wu Jian
Yredelemnul
The Shining One

Annotations:
D:3 2 transporters, Duvessa; KennySheep's ghost, amateur DEHW


Innate Abilities, Weirdness & Mutations

You are too large for most types of armour.
You have tough skin. (AC +1)
You are partially covered in iridescent scales. (AC +2)
Your body sometimes deteriorates upon taking damage.


Message History

Press: ? - help, Shift-Dir - straight line, f/p - two-headed ogre
Aim: a two-headed ogre, wielding two +0 dire flails (almost dead, chance to affect: 47%)
The two-headed ogre resists with some effort.
The two-headed ogre hits you with a +0 dire flail!
The two-headed ogre hits you but does no damage.
Aiming: Mindburst
Press: ? - help, Shift-Dir - straight line, f/p - two-headed ogre
Aim: a two-headed ogre, wielding two +0 dire flails (almost dead, chance to affect: 47%)
The two-headed ogre resists with some effort.
Unknown command.
Aiming: Mindburst
Press: ? - help, Shift-Dir - straight line, f/p - two-headed ogre
Aim: a two-headed ogre, wielding two +0 dire flails (almost dead, chance to affect: 47%)
The two-headed ogre resists with some effort.
The now-empty wand crumbles to dust.
The two-headed ogre hits you with a +0 dire flail!
* * * LOW HITPOINT WARNING * * *
The two-headed ogre hits you with a +0 dire flail!
* * * LOW HITPOINT WARNING * * *
Okay, then.
The two-headed ogre attacks as you move away!
The two-headed ogre barely misses you.
The two-headed ogre hits you with a +0 dire flail!
* * * LOW HITPOINT WARNING * * *
Okay, then.
Casting: Static Discharge (safe; 1% risk of failure)
Confirm with . or Enter, or press ? or * to list all spells.
Okay, then.
Aiming: Charm
Press: ? - help, Shift-Dir - straight line, f/p - two-headed ogre
Aim: a two-headed ogre, wielding two +0 dire flails (severely wounded, chance to affect: 31%)
The two-headed ogre easily resists.
Aiming: Charm
Press: ? - help, Shift-Dir - straight line, f/p - two-headed ogre
Aim: a two-headed ogre, wielding two +0 dire flails (severely wounded, chance to affect: 31%)
The two-headed ogre easily resists.
The two-headed ogre hits you with a +0 dire flail!
* * * LOW HITPOINT WARNING * * *
The two-headed ogre hits you with a +0 dire flail!!
You die...

....##§.≈#.....#
.##. #§.§#.....##
## #§_.#...(..#
#≈.≈..#.##.#
#######.##.##
..#......#..#
............#
.##..##.....######
...)....#.O@.....#
.?.........#.....#
##.......#########
......... #......#
####..## ##.


You could see a two-headed ogre.

Vanquished Creatures
  2 two-headed ogres
  Erica (D:9)
  A kobold demonologist (D:10)
  A hornet (D:10)
  Grinder (D:3)
  2 steam dragons (D:9)
  A water moccasin (D:8)
  2 ice beasts
  A black bear (D:7)
  2 ogres
  2 centaurs
  4 phantoms
  4 kobold brigands
  5 bullfrogs
  A necrophage (D:4)
  2 gnoll sergeants
  2 scorpions (D:6)
  Dowan (D:4)
  10 killer bees (D:8)
  2 vampire bats (D:6)
  2 howler monkeys
  6 orc priests
  8 hounds
  2 jellies
  A gnoll bouda (D:7)
  3 iguanas
  6 orc wizards
  8 adders
  24 gnolls
  A shadow imp (D:7)
  3 white imps
  An ufetubus (D:5)
  A worm (D:2)
  9 dart slugs
  20 orcs
  4 bats
  4 bat skeletons (D:6)
  2 bat zombies (D:6)
  6 endoplasms
  3 giant cockroaches
  4 goblins
  7 hobgoblins
  4 jackals (D:1)
  3 quokkas
  10 ball pythons
  3 frilled lizards
  15 kobolds
  5 rats
212 creatures vanquished.

Vanquished Creatures (others)
  A killer bee (D:8)
  A howler monkey (D:10)
2 creatures vanquished.

Grand Total: 214 creatures vanquished

Notes
Turn   | Place    | Note
-------+----------+-------------------------------------------
     0 | D:1      | billz999 the Ogre Air Elementalist began the quest for the
                  | Orb.
     0 | D:1      | Reached XP level 1. HP: 16/16 MP: 3/3
     3 | D:1      | Noticed an electric eel
     6 | D:1      | Noticed an electric eel
   123 | D:1      | Reached skill level 1 in Conjurations
   261 | D:1      | Found a faded altar of an unknown god.
   426 | D:1      | Reached XP level 2. HP: 14/24 MP: 1/5
   601 | D:1      | Gained mutation: You are partially covered in iridescent
                  | scales. (AC +2) [potion of mutation]
   601 | D:1      | Gained mutation: Your body sometimes deteriorates upon
                  | taking damage. [potion of mutation]
   632 | D:1      | Reached XP level 3. HP: 11/31 MP: 1/7
  1545 | D:2      | Reached XP level 4. HP: 39/39 MP: 3/8
  2328 | D:3      | Found a sparkling altar of Nemelex Xobeh.
  2552 | D:3      | Found a transporter.
  2584 | D:3      | Reached XP level 5. HP: 45/45 MP: 0/10
  2973 | D:3      | Noticed Grinder
  2975 | D:3      | Paralysed by Grinder for 2 turns
  3006 | D:3      | Paralysed by Grinder for 4 turns
  3085 | D:2      | Learned a level 2 spell: Static Discharge
  3089 | D:2      | Learned a level 3 spell: Swiftness
  3094 | D:2      | Learned a level 4 spell: Airstrike
  3181 | D:3      | Noticed KennySheep's ghost (amateur DEHW)
  3182 | D:3      | Found a transporter.
  3241 | D:4      | Noticed Dowan
  3252 | D:4      | Killed Dowan
  3253 | D:4      | Reached XP level 6. HP: 44/53 MP: 0/11
  3253 | D:4      | Noticed Duvessa
  3357 | D:3      | Found a sparkling altar of Nemelex Xobeh.
  3584 | D:3      | Paralysed by Grinder for 4 turns
  3593 | D:3      | Paralysed by Grinder for 3 turns
  3596 | D:3      | Killed Grinder
  3597 | D:3      | Reached skill level 5 in Air Magic
  3597 | D:3      | Reached XP level 7. HP: 32/59 MP: 0/13
  3910 | D:4      | Found a glowing golden altar of the Shining One.
  4095 | D:4      | Found a hide-covered altar of Uskayaw.
  4413 | D:4      | Found a shimmering blue altar of Sif Muna.
  4417 | D:4      | Found a shadowy altar of Dithmenos.
  4492 | D:5      | Entered Level 5 of the Dungeon
  4811 | D:5      | Reached skill level 5 in Spellcasting
  4993 | D:5      | Reached XP level 8. HP: 53/67 MP: 7/15
  5058 | D:4      | Became a worshipper of Sif Muna the Loreminder
  5518 | D:5      | Upgraded the game from 0.30-a0-223-gcb0039aa0c to
                  | 0.30-a0-241-g1121274140
  5828 | D:5      | Found an opulent altar of Gozag.
  6229 | D:6      | Learned a level 3 spell: Mephitic Cloud
  6467 | D:6      | Reached skill level 1 in Fighting
  6480 | D:6      | Reached skill level 2 in Fighting
  6568 | D:6      | Found a staircase to the Ecumenical Temple.
  6597 | D:6      | Reached skill level 3 in Fighting
  6693 | D:6      | Found a burning altar of Makhleb.
  6742 | D:6      | Identified the +2 robe "Hann" {MP+9 Str+2 SInv}
  6754 | D:6      | Reached skill level 4 in Fighting
  6853 | D:6      | Reached skill level 5 in Fighting
  6853 | D:6      | Reached XP level 9. HP: 61/88 MP: 10/18
  7110 | D:6      | Found an opulent altar of Gozag.
  7398 | D:6      | Reached skill level 6 in Fighting
  7406 | D:6      | Reached * piety under Sif Muna
  7619 | D:6      | Found an ancient bone altar of Kikubaaqudgha.
  7668 | D:6      | Found a shadowy altar of Dithmenos.
  7712 | D:6      | Reached skill level 7 in Fighting
  8217 | D:7      | Reached skill level 8 in Fighting
  8763 | D:7      | Reached skill level 9 in Fighting
  8826 | D:7      | Found a snail-covered altar of Cheibriados.
  8826 | D:7      | Found an ornate altar of the Wu Jian Council.
  8864 | D:7      | Found a white marble altar of Elyvilon.
  9163 | D:8      | Noticed a two-headed ogre
  9171 | D:8      | Killed a two-headed ogre
  9172 | D:8      | Reached skill level 11 in Fighting
  9249 | D:8      | Found a basalt altar of Yredelemnul.
  9303 | D:8      | Reached ** piety under Sif Muna
  9306 | D:8      | Reached XP level 10. HP: 83/115 MP: 8/19
  9480 | D:8      | Reached skill level 12 in Fighting
  9481 | D:8      | Reached skill level 1 in Invocations
 11472 | D:9      | Reached skill level 5 in Invocations
 11924 | D:9      | Noticed a two-headed ogre
 11941 | D:9      | Killed a two-headed ogre
 12210 | D:9      | Noticed Erica
 12214 | D:9      | Killed Erica
 12318 | D:9      | Found a broken altar of Ashenzari.
 12404 | D:9      | Found a staircase to the Orcish Mines.
 12417 | D:9      | Reached *** piety under Sif Muna
 12447 | D:10     | Entered Level 10 of the Dungeon
 12448 | D:10     | Found an iron altar of Okawaru.
 12469 | D:10     | Noticed a kobold demonologist
 12472 | D:10     | Reached skill level 5 in Conjurations
 12475 | D:10     | Killed a kobold demonologist
 12527 | D:10     | Noticed a two-headed ogre
 12546 | D:10     | Demolished by a two-headed ogre

Illustrated notes

Levels and vault maps discovered:
D:1:      arrival_aquarium_b, layout_basic, ebering_ecumenical_altar_box
D:2:      layout_basic
D:3:      layout_rooms, mainiacjoe_overflow_catwalk, gammafunk_ghost_arena,
          uniq_grinder
D:4:      layout_basic, nicolae_overflow_hidden_temple, old_standard_altar,
          minmay_quadrilaterals, uniq_duvessa
D:5:      layout_rooms, nicolae_gozag_seed_capital
D:6:      layout_loops_corners, kennysheep_vampire_church, bloody_makhleb,
          minmay_temple_entry_grid, hangedman_feature_mirror
D:7:      layout_basic, elyvilon_altar_4, mainiacjoe_overflow_divided_tiny,
          grunt_decor_arrowhead
D:8:      layout_basic, mainiacjoe_overflow_alcove_4
D:9:      layout_irregular_city, nicolae_ashenzari_panopticon,
          kennysheep_orc_monster_closet_entryway, uniq_joseph, uniq_erica
D:10:     layout_rooms, pf_just_have_faith, lair_entry_dummy,
          hellmonk_ghost_happy_afterlife, minivault_1

Skill      XL: |  1  2  3  4  5  6  7  8  9 10 |
---------------+-------------------------------+-----
Conjurations   | 1 2 3 4 5 |  5.1
Air Magic      | 3 4 5 6 7 |  7.5
Spellcasting   | 3 4 5 6 7 |  7.0
Fighting       | 5 11 12 | 12.0
Invocations    | 8 |  8.0
Dodging        | |  1.7
Stealth        | |  1.4

Action                   |  1- 3 |  4- 6 |  7- 9 | 10-12 || total
-------------------------+-------+-------+-------+-------++-------
Melee: Unarmed           |    49 |       |       |       ||    49
       Dagger            |     2 |     5 |     9 |     5 ||    21
       Club              |       |    40 |       |       ||    40
       Punch             |       |       |     1 |       ||     1
 Cast: Shock             |    71 |   104 |   199 |    31 ||   405
       Static Discharge  |       |     9 |    47 |    10 ||    66
       Airstrike         |       |       |    22 |    58 ||    80
       Mephitic Cloud    |       |       |     1 |     6 ||     7
       Swiftness         |       |       |     1 |     1 ||     2
Invok: Channel Magic     |       |       |       |     2 ||     2
Evoke: Wand              |       |       |       |    25 ||    25
  Use: Potion            |     3 |     1 |       |       ||     4
       Scroll            |       |     1 |     1 |     1 ||     3
 Stab: Sleeping          |       |       |     1 |       ||     1
Armor: Robe              |    30 |    27 |    37 |    10 ||   104
       Steam dragon scal |       |       |       |     4 ||     4
Dodge: Dodged            |    41 |    32 |    65 |    16 ||   154

Table legend: (Time is in decaauts)
 A = Elapsed time spent in this place.
 B = Non-inter-level travel time spent in this place.
 C = Inter-level travel time spent in this place.
 D = Time resting spent in this place.
 E = Time spent auto-exploring this place.
 F = Levels seen in this place.
 G = Mean time per level.
                   A        B        C        D        E       F      G
               +--------+--------+--------+--------+--------+-----+--------+
         Total |  12571 |  12156 |    415 |   3032 |   7757 |  10 | 1257.1 |
       Dungeon |  12571 |  12156 |    415 |   3032 |   7757 |  10 | 1257.1 |
               +--------+--------+--------+--------+--------+-----+--------+

Top non-repeatable levels by time:
     D:8: 2073 daAuts
     D:6: 1959 daAuts
     D:4: 1530 daAuts
     D:2: 1371 daAuts
     D:3: 1268 daAuts
     D:7: 1224 daAuts
     D:5: 1096 daAuts
     D:9: 990 daAuts
     D:1: 956 daAuts
    D:10: 99 daAuts
